 Dungeon Crawl Stone Soup version 0.26-a0-639-g72c4674329 (webtiles) character file.

Game seed: 3490836348456454932

19793 MrRokkomies the Fighter (level 12, -1/106 HPs)
             Began as a Demigod Delver on Sept 16, 2020.
             Slain by a komodo dragon (20 damage)
             ... on level 2 of the Lair of Beasts.
             The game lasted 00:29:53 (17659 turns).

MrRokkomies the Fighter (Demigod Delver)           Turns: 17659, Time: 00:29:53

Health: -1/106     AC: 14    Str: 23    XL:     12   Next: 11%
Magic:  15/15      EV: 17    Int: 23    God:
Gold:   226        SH:  0    Dex: 17    Spells: 11/11 levels left

rFire    . . .     SeeInvis .   a - +6 lajatang (elec)
rCold    . . .     Faith    .   (shield currently unavailable)
rNeg     . . .     Spirit   .   J - +2 leather armour of the Kettle-Drum {Rampage Str+4 Int+2}
rPois    +         Reflect  .   u - +1 helmet
rElec    .         Harm     .   B - +0 cloak
rCorr    .         Rampage  +   (no gloves)
MR       +....                  F - +1 pair of boots
Stlth    +++.......             G - amulet of Fileovao {Acrobat Int+3}
HPRegen  0.27/turn              A - +4 ring of protection
MPRegen  0.14/turn              M - ring of poison resistance

@: no status effects
A: high mp 1
a: no special abilities


You were on level 2 of the Lair of Beasts.
You visited 2 branches of the dungeon, and saw 13 of its levels.
You also visited: Sewer and Ossuary.

You collected 770 gold pieces.
You spent 544 gold pieces at shops.

Inventory:

Hand Weapons
 a - a +6 lajatang of electrocution (weapon)
 k - a +4 scimitar of flaming
 R - a +2 dagger of electrocution
 S - a +0 lajatang
Missiles
 b - 7 javelins
 n - 38 poisoned darts
 y - 21 boomerangs (quivered)
 W - 8 silver javelins
Armour
 q - a +2 scale mail of fire resistance
 u - a +1 helmet (worn)
 B - a +0 cloak (worn)
 F - a +1 pair of boots (worn)
 J - the +2 leather armour of the Kettle-Drum (worn) {Rampage Str+4 Int+2}
   (You found it on level 11 of the Dungeon)

   It affects your strength (+4).
   It affects your intelligence (+2).
   It bestows one free step when moving towards enemies.
Jewellery
 w - an uncursed ring of flight
 x - an uncursed ring of protection from magic
 A - a +4 ring of protection (left hand)
 G - the amulet of Fileovao (around neck) {Acrobat Int+3}
   (You found it on level 6 of the Dungeon)

   [amulet of the acrobat]

   It helps you evade while moving and waiting.
   It affects your intelligence (+3).
 I - an uncursed ring of see invisible
 M - a ring of poison resistance (right hand)
 N - a +6 ring of strength
 X - an uncursed ring of protection from fire
Wands
 g - a wand of digging (6)
 K - a wand of disintegration (11)
 O - a wand of polymorph (12)
 Q - a wand of flame (22)
 U - a wand of iceblast (13)
 Z - a wand of enslavement (9)
Scrolls
 c - 5 scrolls of fog
 d - 2 scrolls of magic mapping
 e - 6 scrolls of fear
 r - 4 scrolls of enchant armour
 s - 2 scrolls of teleportation
 t - 7 scrolls of identify
 C - a scroll of blinking
 E - 5 scrolls of amnesia
 H - 5 scrolls of remove curse
 L - a scroll of immolation
Potions
 f - 2 potions of haste
 h - 3 potions of berserk rage
 i - 11 potions of curing
 j - 2 potions of magic
 l - 4 potions of brilliance
 m - 2 potions of might
 o - 7 potions of lignification
 p - a potion of invisibility
 v - a potion of mutation
 D - 2 potions of flight {unknown}
 P - 4 potions of degeneration {unknown}
 T - a potion of cancellation {unknown}


   Skills:
 - Level 10.0 Fighting
 + Level 6.8(7.7) Short Blades
 - Level 5.4(7.0) Long Blades
 + Level 2.9 Staves
 * Level 9.8 Throwing
 + Level 8.0 Dodging
 - Level 4.5 Stealth
 * Level 5.5 Evocations


You had 11 spell levels left.
You didn't know any spells.
Your spell library contained the following spells:

 Spells                   Type           Power        Failure   Level
 Animate Skeleton         Necr           #.....       19%         1
 Apportation              Tloc           #.....       19%         1
 Corona                   Hex            #......      19%         1
 Summon Small Mammal      Summ           #...         19%         1


Dungeon Overview and Level Annotations

Branches:
Dungeon (11/15)            Temple (0/1) D:6            Lair (2/6) D:10
    Orc (0/2) D:10          Sewer (visited)         Ossuary (visited)
  Swamp: Lair:2-4    Shoals: Lair:2-4     Snake: Lair:2-4    Spider: Lair:2-4

Shops:
D:11 (

Annotations:
D:9 2 transporters, DogServant's ghost, novice GrCj
Lair:2 2 runed translucent doors, fly's ghost, journeyman TrDe


Innate Abilities, Weirdness & Mutations

You have an increased reservoir of magic. (+10% MP)


Message History

The wolf is severely wounded.
The wolf misses you. The wolf completely misses you.
You hit the wolf but do no damage.
The wolf is severely wounded.
The wolf barely misses you. The wolf closely misses you.
You slash the wolf! Lightning courses through the wolf!
You kill the wolf!
The wolf closely misses you.
You closely miss the wolf. The wolf closely misses you. The wolf bites you!
You slice the wolf!!
The wolf is almost dead.
The wolf closely misses you. x2
You slash the wolf!
You kill the wolf!
You closely miss the komodo dragon. The komodo dragon bites you!
* * * LOW HITPOINT WARNING * * *
You slice the komodo dragon!!
The komodo dragon is severely wounded.
The komodo dragon bites you!!
You die...

.....##.#P...............
#.##.#####...............
..#### ###.##..###..... ###
#.####..# #.#.+ .####
#.....h.# ## .## ...P#
##.PP..#.# .###
...######...l.#### ###.#.#
#P..##.......h###### #....##
....##..#......#@#.####.....#
.......#.......l##..##.....#
........#.............+....+
....#####.....##..####.[...#
....#####.≈≈.###### ##....#
.....##....≈≈..### #..#+P#
##..##P.≈≈≈≈≈≈≈..## ###..####
.^.##≈.≈≈≈≈≈≈≈≈≈..# ###....##
##.# #.≈≈≈≈≈≈≈≈≈.##
##.÷#..#.##


You could see a komodo dragon.

Vanquished Creatures
  Erolcha (D:10)
  Erica (D:11)
  3 death yaks (D:10)
  A two-headed ogre (D:10)
  Urug (Lair:1)
  An orc knight (D:10)
  2 ugly things (D:11)
  A manticore (D:11)
  A cyclops (D:11)
  2 black mambas (Lair:1)
  2 cane toads
  Joseph (D:10)
  A gargoyle (D:10)
  2 komodo dragons
  A troll (D:10)
  3 hippogriffs
  Grum (D:10)
  14 yaks
  2 humans (D:10)
  5 water moccasins
  4 porcupines (Lair:1)
  5 sky beasts
  4 orc warriors
  3 black bears
  3 ice beasts
  2 necrophages
  4 phantoms
  2 ogres
  12 wolves
  A centaur (D:5)
  2 crocodiles (Lair:1)
  3 big kobolds
  2 elf zombies (Ossuary)
  5 bullfrogs
  Blork the orc (D:6)
  A scorpion (D:11)
  15 killer bees
  8 wights
  3 electric eels (D:11)
  5 centaur zombies
  3 hounds
  A quasit (D:9)
  2 bullfrog skeletons
  A bullfrog zombie (D:7)
  4 jellies
  3 centaur skeletons
  A human zombie (Ossuary)
  2 orc priests
  9 orc wizards
  Jessica (D:2)
  4 iguanas
  11 worker ants
  A killer bee zombie (D:10)
  A big kobold zombie (Ossuary)
  A hound zombie (D:10)
  A hound skeleton (D:7)
  2 mummies (Ossuary)
  3 worker ant zombies
  Robin (D:4)
  3 gnolls (D:7)
  15 adders
  A shadow imp (D:7)
  3 white imps
  2 ufetubi
  An ooze (D:4)
  2 adder zombies (Ossuary)
  An adder skeleton (D:7)
  3 worms (D:2)
  2 dart slugs
  8 leopard geckos
  33 orcs
  8 ball pythons
  4 bats
  10 giant cockroaches
  14 goblins
  7 hobgoblins
  16 jackals
  4 quokkas
  A ball python skeleton (D:4)
  8 frilled lizards
  7 hobgoblin zombies (Ossuary)
  2 jackal zombies
  29 kobolds
  11 kobold zombies (Ossuary)
  8 orc zombies (Ossuary)
  7 rats
  A rat zombie (Ossuary)
394 creatures vanquished.

Vanquished Creatures (others)
  3 fungi
  15 plants
18 creatures vanquished.

Grand Total: 412 creatures vanquished

Notes
Turn   | Place    | Note
-------+----------+-------------------------------------------
     0 | D:5      | MrRokkomies the Demigod Delver began the quest for the Orb.
     0 | D:5      | Reached XP level 1. HP: 18/18 MP: 3/3
    15 | D:5      | Noticed a bullfrog
    52 | D:4      | Noticed a worker ant
   194 | D:4      | Found a glowing drain.
   204 | D:4      | Reached skill level 3 in Fighting
   204 | D:4      | Reached XP level 2. HP: 17/26 MP: 4/4
   231 | Sewer    | Entered a sewer
   681 | Sewer    | Reached XP level 3. HP: 17/31 MP: 5/5
  1606 | D:4      | Reached XP level 4. HP: 30/39 MP: 6/6
  2131 | D:2      | Reached skill level 4 in Fighting
  2134 | D:2      | Reached XP level 5. HP: 29/46 MP: 7/7
  3148 | D:2      | Noticed Jessica
  3158 | D:2      | Killed Jessica
  3286 | D:2      | Found an opulent altar of Gozag.
  3288 | D:2      | Found an ancient bone altar of Kikubaaqudgha.
  3289 | D:2      | Found an iron altar of Okawaru.
  3866 | D:3      | Noticed a phantom
  3905 | D:3      | Killed a phantom
  3905 | D:3      | Reached XP level 6. HP: 18/53 MP: 8/8
  4643 | D:4      | Reached skill level 5 in Fighting
  4878 | D:4      | Reached skill level 5 in Long Blades
  4878 | D:4      | Reached XP level 7. HP: 50/61 MP: 9/9
  4885 | D:4      | Noticed Robin
  4910 | D:4      | Killed Robin
  5817 | D:5      | Reached skill level 1 in Throwing
  5985 | D:5      | Reached skill level 6 in Fighting
  6007 | D:5      | Got a shadowed robe
  6018 | D:5      | Identified the +1 robe "Puim" {rC- Dex+5} (You found it on
                  | level 5 of the Dungeon)
  6136 | D:5      | Reached skill level 1 in Short Blades
  6497 | D:5      | Reached XP level 8. HP: 70/70 MP: 10/10
  6836 | D:6      | Found a snail-covered altar of Cheibriados.
  7269 | D:6      | Got a flickering jade amulet
  7570 | D:6      | Found a staircase to the Ecumenical Temple.
  7747 | D:6      | Reached skill level 7 in Fighting
  7765 | D:6      | Noticed Blork the orc
  7774 | D:6      | Killed Blork the orc
  7823 | D:6      | Found a shimmering altar of Xom.
  7824 | D:6      | Found a hazy altar of Hepliaklqana.
  7825 | D:6      | Noticed a spectral ugly thing
  8690 | D:7      | Identified the amulet of Fileovao {Acrobat Int+3} (You
                  | found it on level 6 of the Dungeon)
  8827 | D:7      | Reached skill level 5 in Dodging
  8878 | D:7      | Reached XP level 9. HP: 73/79 MP: 11/11
  9308 | D:7      | Reached skill level 5 in Throwing
  9418 | D:7      | Reached skill level 8 in Fighting
  9524 | D:7      | Found a hide-covered altar of Uskayaw.
  9524 | D:7      | Noticed a +0 hand axe
  9526 | D:7      | Noticed a +0 hand axe
  9531 | D:7      | Identified the +5 hand axe of Enopliaggy {flame, +Rage
                  | rElec}
  9923 | D:8      | Found an ancient bone altar of Kikubaaqudgha.
  9940 | D:8      | Found a sand-covered staircase.
 10066 | Ossuary  | Entered an ossuary
 10713 | D:8      | Found a bloodstained altar of Trog.
 11312 | D:9      | Reached XP level 10. HP: 90/90 MP: 13/13
 11369 | D:9      | Found a stormy altar of Qazlal.
 11481 | D:9      | Noticed DogServant's ghost (novice GrCj)
 11652 | D:9      | Found a transporter.
 11655 | D:9      | Found a transporter.
 12088 | D:10     | Entered Level 10 of the Dungeon
 12193 | D:10     | Reached skill level 9 in Fighting
 12537 | D:10     | Noticed Joseph
 12551 | D:10     | Killed Joseph
 12600 | D:10     | Found a staircase to the Lair.
 12600 | D:10     | Noticed a death yak
 12601 | D:10     | Noticed a death yak
 12601 | D:10     | Noticed a death yak
 12603 | D:10     | Noticed Erolcha
 12638 | D:10     | Killed a death yak
 12638 | D:10     | Reached skill level 5 in Short Blades
 12642 | D:10     | Killed a death yak
 12645 | D:10     | Killed a death yak
 12935 | D:10     | Found a staircase to the Orcish Mines.
 12936 | D:10     | Noticed an orc knight
 12946 | D:10     | Killed an orc knight
 12946 | D:10     | Reached skill level 10 in Fighting
 12946 | D:10     | Reached XP level 11. HP: 88/99 MP: 14/14
 13190 | D:10     | Killed Erolcha
 13190 | D:10     | Reached skill level 1 in Evocations
 13386 | D:10     | Noticed Grum
 13406 | D:10     | Killed Grum
 13693 | D:10     | Noticed a two-headed ogre
 13700 | D:10     | Killed a two-headed ogre
 13741 | D:10     | Found an iron altar of Okawaru.
 13916 | D:11     | Got a fine leather armour
 13927 | D:11     | Identified the +2 leather armour of the Kettle-Drum
                  | {Rampage Str+4 Int+2} (You found it on level 11 of the
                  | Dungeon)
 14321 | D:11     | Found Cunifryr's Weapon Shoppe.
 14329 | D:11     | Bought a +2 lajatang of electrocution for 544 gold pieces
 14696 | D:11     | Reached skill level 1 in Staves
 15100 | D:11     | Noticed Erica
 15110 | D:11     | Killed Erica
 15529 | Lair:1   | Entered Level 1 of the Lair of Beasts
 16308 | Lair:1   | Noticed Urug
 16314 | Lair:1   | Killed Urug
 16621 | Lair:1   | Reached skill level 5 in Evocations
 17032 | Lair:2   | Found a large runed translucent door.
 17036 | Lair:2   | Reached XP level 12. HP: 106/106 MP: 15/15
 17046 | Lair:2   | Found a large runed translucent door.
 17289 | Lair:2   | Noticed fly's ghost (journeyman TrDe)
 17659 | Lair:2   | Slain by a komodo dragon

Illustrated notes

Levels and vault maps discovered:
D:1:      saegor_arrival_simple_e, layout_rooms, minmay_misc_feat_hallway
D:2:      layout_loops_ring, grunt_temple_overflow_open, st_stairs_7,
          uniq_jessica
D:3:      layout_basic
D:4:      minmay_chambers_of_fours, layout_cave_pools, gup_sewer_entry_pipe,
          uniq_robin
D:5:      layout_loops_corners
D:6:      layout_basic, overflow_temple_1_default,
          regret_index_temple_of_mockery, minmay_temple_entry_butterflies,
          uniq_blork_the_orc
D:7:      layout_loops_ring, dancing_weapons_uskayaw
D:8:      layout_loops_ring, bloody_trog, basic_altar, enter_ossuary_5
D:9:      layout_loops_corners, nicolae_qazlal_general_emergency,
          gammafunk_ghost_hive
D:10:     layout_roguey, dpeg_lair_monsters, orc_david_3, serial_glass,
          glass_columns_c, glass_columns_b, glass_columns_c, glass_columns_c,
          glass_columns_a, glass_columns_b, okawaru_humans, uniq_grum,
          uniq_joseph, uniq_erolcha
D:11:     layout_basic, serial_shops, shop, uniq_erica
Lair:1:   layout_roguey, minivault_11, uniq_urug
Lair:2:   layout_roguey, minmay_shoals_entry_lonely_mermaid,
          ebering_ghost_disaster_area, serial_bayou_shore_b,
          infiniplex_staircase_pool_2, serial_bayou_shore_b

Skill      XL: |  1  2  3  4  5  6  7  8  9 10 11 12 |
---------------+-------------------------------------+-----
Long Blades    | 2 3 4 5 |  5.4
Fighting       | 3 4 5 6 7 8 10 | 10.0
Dodging        | 2 3 4 5 6 7 8 |  8.0
Throwing       | 1 4 6 8 9 |  9.8
Short Blades   | 1 2 4 5 6 |  6.8
Evocations     | 5 |  5.5
Staves         | 2 |  2.9
Stealth        | |  4.5

Action                   |  1- 3 |  4- 6 |  7- 9 | 10-12 || total
-------------------------+-------+-------+-------+-------++-------
Melee: Falchion          |    67 |       |       |       ||    67
       Whip              |    47 |    25 |       |       ||    72
       Dagger            |       |   197 |   759 |   302 ||  1258
       Lajatang          |       |       |       |   177 ||   177
Throw: Dart              |       |       |     6 |       ||     6
       Boomerang         |       |       |       |    23 ||    23
Evoke: Wand              |       |       |       |    19 ||    19
  Use: Potion            |       |     4 |     1 |     5 ||    10
       Scroll            |       |     9 |     8 |     7 ||    24
 Stab: Sleeping          |     3 |    13 |    23 |    25 ||    64
       Distracted        |       |     1 |       |     1 ||     2
       Invisible         |       |       |       |     3 ||     3
       Paralysed         |       |       |       |     4 ||     4
Armor: Leather armour    |    36 |    46 |    47 |    75 ||   204
       Ring mail         |       |     4 |   150 |    43 ||   197
Dodge: Dodged            |    79 |   136 |   371 |   412 ||   998
       Rpst.: Falchion   |    18 |       |       |       ||    18

Table legend: (Time is in decaauts)
 A = Elapsed time spent in this place.
 B = Non-inter-level travel time spent in this place.
 C = Inter-level travel time spent in this place.
 D = Time resting spent in this place.
 E = Time spent auto-exploring this place.
 F = Levels seen in this place.
 G = Mean time per level.
                   A        B        C        D        E       F      G
               +--------+--------+--------+--------+--------+-----+--------+
         Total |  17640 |  17260 |    380 |   1443 |  12780 |  15 | 1176.0 |
       Dungeon |  13605 |  13228 |    377 |   1052 |   9795 |  11 | 1236.8 |
          Lair |   2157 |   2155 |      2 |      0 |   1913 |   2 | 1078.5 |
         Sewer |   1504 |   1504 |      0 |    308 |    937 |   1 | 1504.0 |
       Ossuary |    372 |    372 |      0 |     83 |    133 |   1 |  372.0 |
               +--------+--------+--------+--------+--------+-----+--------+

Top non-repeatable levels by time:
     D:6: 1864 daAuts
     D:4: 1830 daAuts
    D:10: 1736 daAuts
    D:11: 1703 daAuts
   Sewer: 1504 daAuts
  Lair:1: 1486 daAuts
     D:7: 1168 daAuts
     D:5: 995 daAuts
     D:2: 985 daAuts
     D:9: 962 daAuts
     D:3: 935 daAuts
     D:8: 843 daAuts
  Lair:2: 671 daAuts
     D:1: 581 daAuts
 Ossuary: 372 daAuts
